 Dungeon Crawl Stone Soup version 0.21-a0-531-gacddea6 (webtiles) character file.

189 Amnesiac the Skirmisher (level 5, -1/32 HPs)
             Began as a Deep Elf Fighter on Dec 13, 2017.
             Slain by a worm (7 damage)
             ... on level 4 of the Dungeon.
             The game lasted 00:04:48 (3035 turns).

Amnesiac the Skirmisher (Deep Elf Fighter)          Turns: 3035, Time: 00:04:49

Health: -1/32      AC:  9    Str: 14    XL:     5   Next: 40%
Magic:  7/7        EV:  8    Int: 18    God:
Gold:   146        SH:  8    Dex: 14    Spells: 4/4 levels left

rFire    . . .     SeeInvis .   b - +0 rapier
rCold    . . .     Gourm    .   c - +0 shield
rNeg     . . .     Faith    .   l - +0 scale mail
rPois    .         Spirit   .   q - +0 helmet
rElec    .         Reflect  .   (no cloak)
rCorr    .         Harm     .   y - +0 pair of gloves (curse)
MR       .....                  (no boots)
Stlth    ..........             (no amulet)
HPRegen  0.10/turn              o - +5 ring of intelligence
MPRegen  0.10/turn              (no ring)

@: no status effects
A: no striking features
a: no special abilities


You were on level 4 of the Dungeon.
You were hungry.

You visited 1 branch of the dungeon, and saw 4 of its levels.

You collected 146 gold pieces.

Inventory:

Hand Weapons
 a - a +0 hunting sling
 b - a +0 rapier (weapon)
Missiles
 m - 117 stones (quivered)
 t - 47 arrows
 A - 8 sling bullets
Armour
 c - a +0 shield (worn)
 h - a +0 chain mail
 l - a +0 scale mail (worn)
 q - a +0 helmet (worn)
 y - a cursed +0 pair of gloves (worn)
Jewellery
 o - a +5 ring of intelligence (left hand)
 p - a cursed ring of teleportation {unknown}
Scrolls
 e - 2 scrolls of enchant weapon {!r, unknown}
 i - 6 scrolls of teleportation {!r, unknown}
 j - a scroll of immolation {!r, unknown}
 k - 5 scrolls of amnesia {!r, unknown}
 n - a scroll of blinking {!r, unknown}
 r - a scroll of identify {!r, unknown}
 w - 2 scrolls of remove curse {!r, unknown}
 x - a scroll of noise {!r, unknown}
 B - a scroll of random uselessness {!r, unknown}
Potions
 d - a potion of might {!q}
 s - 2 potions of lignification {!q, unknown}
 u - a potion of invisibility {!q, unknown}
 v - a potion of brilliance {!q, unknown}
 z - 2 potions of curing {!q}
Comestibles
 f - 5 bread rations
 g - 2 royal jellies


   Skills:
 + Level 3.5 Fighting
 - Level 2.0 Short Blades
 + Level 3.5 Armour
 + Level 3.4 Dodging
 - Level 2.4 Shields


You had 4 spell levels left.
You didn't know any spells.

Dungeon Overview and Level Annotations

Branches:
Dungeon (4/15)
 Temple: D:4-7

Altars:
Kikubaaqudgha
Nemelex Xobeh

Annotations:
D:3 Eustachio, Grinder


Message History

Eustachio mumbles some strange words.
Eustachio blinks!
You block Eustachio's attack. You block Eustachio's attack.
You climb upwards.
Level annotation: Grinder
There is a stone staircase leading down here.
You hit Eustachio.
Eustachio is lightly wounded.
Eustachio casts a spell.
Eustachio blinks!
You climb downwards.
There is a stone staircase leading up here.
A worm is nearby!
A worm is nearby!
The worm bites you but does no damage.
You hit the worm.
The worm is lightly wounded.
The worm bites you.
You hit the worm.
The worm is heavily wounded.
You hit the worm.
The worm is severely wounded.
You block the worm's attack.
You hit the worm.
The worm is severely wounded.
The worm bites you.
You hit the worm but do no damage.
The worm is severely wounded.
You barely miss the worm.
The worm is severely wounded.
The worm bites you!
You hit the worm.
The worm is severely wounded.
The worm bites you.
* * * LOW HITPOINT WARNING * * *
You hit the worm but do no damage.
The worm is severely wounded.
You hit the worm but do no damage.
The worm is severely wounded.
The worm bites you.
* * * LOW HITPOINT WARNING * * *
Your scale mail prevents you from hitting the worm.
The worm is severely wounded.
The worm bites you.
* * * LOW HITPOINT WARNING * * *
You hit the worm.
The worm is severely wounded.
You hit the worm but do no damage.
The worm is severely wounded.
The worm bites you but does no damage.
You hit the worm but do no damage.
The worm is heavily wounded.
The worm bites you.
* * * LOW HITPOINT WARNING * * *
You are too injured to fight recklessly!
You are too injured to fight recklessly!
You are too injured to fight recklessly!
You are too injured to fight recklessly!
You are too injured to fight recklessly!
You completely miss the worm.
The worm is heavily wounded.
The worm bites you!
You die...

....##.......#
#.....# #######.#
#.....# #.#
##...## #.###
#.....# #.#.#
#.....# #.#.#
#.5w..#
#.#'########5..##
#.....w....##ยง##
#....@####..5.#
#########.....#
#.####
#.............#
###
#.#######.....#
#.....# #.....#
#.....# #...<.#
#.....#


You could see a worm.

Vanquished Creatures
  An orc wizard (D:4)
  Jessica (D:3)
  A worker ant (D:4)
  2 adders
  An ooze (D:1)
  4 dart slugs
  2 worms
  2 leopard geckos (D:2)
  3 orcs
  A ball python (D:1)
  2 giant cockroaches
  8 goblins
  7 hobgoblins
  2 jackals (D:2)
  A quokka (D:4)
  10 bats
  16 frilled lizards
  6 kobolds
  7 rats
77 creatures vanquished.

Notes
Turn   | Place    | Note
-------+----------+-------------------------------------------
     0 | D:1      | Amnesiac the Deep Elf Fighter began the quest for the Orb.
     0 | D:1      | Reached XP level 1. HP: 13/13 MP: 3/3
   200 | D:1      | Reached skill level 1 in Dodging
   206 | D:1      | Reached XP level 2. HP: 17/18 MP: 4/4
   678 | D:2      | Reached XP level 3. HP: 20/22 MP: 5/5
  1142 | D:3      | Noticed Jessica
  1146 | D:3      | Killed Jessica
  1146 | D:3      | Reached XP level 4. HP: 22/28 MP: 6/6
  1329 | D:3      | Found an ancient bone altar of Kikubaaqudgha.
  1452 | D:4      | Noticed Grinder
  1608 | D:3      | Reached XP level 5. HP: 32/32 MP: 7/7
  2393 | D:4      | Noticed Eustachio
  2439 | D:4      | Paralysed by Grinder for 6 turns
  2797 | D:4      | Found a sparkling altar of Nemelex Xobeh.
  3035 | D:4      | Slain by a worm

Vault maps used:
D:1:      dpeg_arrival_fog
D:2:      minmay_lizard_king
D:3:      kiku_gazebo_pond_becter, kennysheep_generic_room_10, uniq_jessica
D:4:      marbit_many_paths, minmay_temple_entry_trees, first_bread,
          uniq_eustachio, uniq_robin, uniq_grinder

Skill      XL: |  1  2  3  4 |
---------------+-------------+-----
Dodging        | 1 2 3 |  3.4
Fighting       | 3 |  3.5
Armour         | 3 |  3.5
Short Blades   | |  2.0
Shields        | |  2.4

Action                   |  1- 3 |  4- 6 || total
-------------------------+-------+-------++-------
Melee: Rapier            |    45 |    85 ||   130
 Fire: Hunting sling     |   123 |    69 ||   192
  Use: Potion            |       |     1 ||     1
  Eat: Chunk             |     1 |     5 ||     6
Armor: Scale mail        |    35 |    58 ||    93
Dodge: Dodged            |    29 |    51 ||    80
Block: Shield            |    56 |    58 ||   114

Table legend:
 A = Spawn XP
 B = Non-spawn XP
 C = Spawn XP percentage of total XP
 D = Spawn monster count
 E = Non-spawn monster count
 F = Spawn count percentage of total count
 G = Total turns spent on level
                    A         B        C        D         E        F      G
               +---------+---------+-------+---------+---------+-------+---------
         Total |       0 |     270 |   0.0 |       0 |      77 |   0.0 |  3035
               +---------+---------+-------+---------+---------+-------+---------
           D:1 |       0 |      37 |   0.0 |       0 |      19 |   0.0 |   667
           D:2 |       0 |      67 |   0.0 |       0 |      34 |   0.0 |   688
           D:3 |       0 |      85 |   0.0 |       0 |      19 |   0.0 |  1218
           D:4 |       0 |      81 |   0.0 |       0 |       5 |   0.0 |   462
               +---------+---------+-------+---------+---------+-------+---------
